 Dungeon Crawl Stone Soup version 0.28.0 (webtiles) character file.

Game seed: 15370217151557944579

150 PoweredByGinger the Shield-Bearer (level 5, 0/67 HPs)
             Began as a Minotaur Fighter on Feb 15, 2022.
             Slain by a jelly (1 damage)
             ... on level 4 of the Dungeon.
             The game lasted 00:03:28 (1600 turns).

PoweredByGinger the Shield-Bearer (MiFi)            Turns: 1600, Time: 00:03:29

Health: 0/67       AC: 18    Str: 22    XL:     5   Next: 10%
Magic:  4/4        EV:  2    Int:  5    God:
Gold:   62         SH:  5    Dex: 10    Spells: 4/4 levels left

rFire   . . .      SeeInvis .   a - +0 war axe
rCold   . . .      Faith    .   c - +0 buckler
rNeg    . . .      Spirit   .   (armour currently unavailable)
rPois   +          Reflect  .   (helmet currently unavailable)
rElec   .          Harm     .   (cloak currently unavailable)
rCorr   .          Rampage  .   (gloves currently unavailable)
Will    .....      NoTele   +   (boots currently unavailable)
Stlth   +.........              (no amulet)
HPRegen 0.21/turn               (no ring)
MPRegen 0.09/turn               (no ring)

@: mighty, tree-form, corroded
A: stationary, stasis, torment immunity, boosted hp, (horns 2), (retaliatory
headbutt)
a: no special abilities


You were on level 4 of the Dungeon.
You were a tree.
You visited 1 branch of the dungeon, and saw 6 of its levels.

You collected 62 gold pieces.

Inventory:

Hand Weapons
 a - a +0 war axe (weapon)
Missiles
 l - 15 arrows
Armour
 b - a +0 scale mail (melded)
 c - a +0 buckler (worn)
 o - a +0 pair of boots (melded)
Jewellery
 n - an amulet of the acrobat
 q - an amulet of guardian spirit
Scrolls
 e - a scroll of acquirement {unknown}
 f - a scroll of summoning {unknown}
 i - 2 scrolls of identify {unknown}
 p - a scroll of torment {unknown}
 r - a scroll of blinking {unknown}
Potions
 g - a potion of mutation {unknown}
 h - a potion of haste {unknown}
 k - a potion of magic {unknown}
 m - 2 potions of brilliance {unknown}


   Skills:
 - Level 3.6 Fighting
 * Level 4.8 Axes
 - Level 3.6 Armour
 * Level 5.6 Shields


You had 4 spell levels left.
You didn't know any spells.
Your spell library contained the following spells:

 Spells                   Type           Power      Damage    Failure   Level
 Summon Ice Beast         Ice/Summ       0%         N/A       100%        4
 Summon Mana Viper        Hex/Summ       0%         N/A       100%        5
 Monstrous Menagerie      Summ           0%         N/A       100%        7


Dungeon Overview and Level Annotations

Branches:
Dungeon (6/15)
 Temple: D:4-7

Altars:

Annotations:
D:6 1 transporter, Sigmund


Innate Abilities, Weirdness & Mutations

You are a tree.
Your roots penetrate the ground, keeping you stationary.
You cannot be teleported.
You are immune to unholy pain and torment.
Your maximum health is greatly increased.
Your equipment is partially melded.
((You have a pair of horns on your head.))
((You reflexively headbutt those who attack you in melee.))


Message History

The iguana bites you!
* * * LOW HITPOINT WARNING * * *
The hound bites you but does no damage.
Unknown command.
Unknown command.
Okay, then.
Unknown command.
Okay, then.
You feel very mighty all of a sudden. The orc hits you but does no damage.
The hound bites you but does no damage. The iguana bites you.
* * * LOW HITPOINT WARNING * * *
Unknown command.
You slice the iguana!!
You kill the iguana!
You closely miss the orc. You barely miss the hound.
The hound bites you but does no damage. The orc completely misses you.
You block the hound's attack.
A hound skeleton comes into view.
The orc hits you but does no damage.
You have reached level 5!
Unknown command.
You slash the orc!
You kill the orc!
You closely miss the hound. The hound bites you but does no damage.
You block the hound's attack.
The giant cockroach bites you but does no damage.
You closely miss the giant cockroach. You miss the hound.
The hound bites you but does no damage. You block the giant cockroach's attack.
The hound bites you but does no damage.
You slash the giant cockroach!
You kill the giant cockroach!
You miss the hound. You block the hound's attack.
The hound bites you but does no damage. You block the jelly's attack.
You hit the jelly. The acid corrodes you!
Your branches burn!
* * * LOW HITPOINT WARNING * * *
The jelly is moderately wounded.
You closely miss the hound. The hound bites you but does no damage.
The jelly hits you.
You die...

....#.........
.............
............
...........
..........
.........
#hJ.....# #♣#
......)Z?#
.........#
.##.......
........#.
.###.....#..
......# .#
.#...... )#


You could see a hound, a jelly and a hound skeleton.

Vanquished Creatures
  A centaur skeleton (D:5)
  An iguana (D:4)
  4 adders
  A worm (D:3)
  3 dart slugs
  2 orcs (D:4)
  3 bats
  6 endoplasms
  3 giant cockroaches
  5 goblins
  4 hobgoblins (D:2)
  3 jackals (D:3)
  6 ball pythons
  A frilled lizard (D:2)
  3 kobolds (D:1)
  4 rats
50 creatures vanquished.

Vanquished Creatures (others)
  3 fungi (D:1)
  5 plants
8 creatures vanquished.

Grand Total: 58 creatures vanquished

Notes
Turn   | Place    | Note
-------+----------+-------------------------------------------
     0 | D:1      | PoweredByGinger the Minotaur Fighter began the quest for
                  | the Orb.
     0 | D:1      | Reached XP level 1. HP: 19/19 MP: 0/0
     3 | D:1      | Noticed an electric eel
     4 | D:1      | Noticed an electric eel
   105 | D:1      | Found a faded altar of an unknown god.
   188 | D:1      | Reached skill level 4 in Shields
   202 | D:1      | Reached XP level 2. HP: 26/26 MP: 1/1
   773 | D:2      | Reached XP level 3. HP: 27/31 MP: 2/2
  1178 | D:2      | Found Fopuevvi's Distillery.
  1323 | D:2      | Reached XP level 4. HP: 37/39 MP: 3/3
  1350 | D:3      | Reached skill level 5 in Shields
  1547 | D:3      | You fall into a shaft and drop 2 floors!
  1547 | D:5      | Entered Level 5 of the Dungeon
  1564 | D:5      | Noticed a necrophage
  1576 | D:6      | Noticed a kobold demonologist
  1576 | D:6      | Noticed Sigmund
  1576 | D:6      | Found a transporter.
  1597 | D:4      | Reached XP level 5. HP: 4/45 MP: 4/4
  1600 | D:4      | HP: 1/67 [acid (4)]
  1600 | D:4      | Slain by a jelly

Illustrated notes

Levels and vault maps discovered:
D:1:      arrival_aquarium_b, layout_basic, shapermc_ecumenical_altar_gd,
          minmay_tetromino_l4
D:2:      layout_basic, serial_shops, nicolae_diamond_shop
D:3:      layout_rooms, serial_curves, eino_curves_02, eino_curves_02,
          chequers_serial_rivers_large_b, serial_bayou_lagoon_b
D:4:      layout_cave_pools, kennysheep_generic_room_13, uniq_robin
D:5:      layout_basic, grunt_decor_cap, kb_lookout_dungeons_type
D:6:      gammafunk_wand_slinger, layout_rooms, enter_ossuary_1,
          hangedman_glass_teeth, uniq_maggie, uniq_sigmund

Skill      XL: |  1  2  3  4 |
---------------+-------------+-----
Shields        | 4 5 |  5.6
Axes           | 3 4 |  4.8
Fighting       | |  3.6
Armour         | |  3.6

Action                   |  1- 3 |  4- 6 || total
-------------------------+-------+-------++-------
Melee: War axe           |    90 |    37 ||   127
       Headbutt          |     8 |     4 ||    12
  Use: Potion            |       |     2 ||     2
Armor: Scale mail        |    57 |    32 ||    89
       Skin              |       |    17 ||    17
Dodge: Dodged            |    40 |    21 ||    61
Block: Buckler           |    19 |    14 ||    33
